 Dungeon Crawl Stone Soup version 0.17-a0-2127-g1cb09f6 (webtiles) character file.

27 septik the Cudgeler (level 2, 0/39 HPs)
             Began as a Minotaur Berserker on Oct 23, 2015.
             Was a Follower of Trog.
             Killed from afar by Sigmund (9 damage)
             ... with a magic dart
             ... on level 2 of the Dungeon.
             The game lasted 00:02:10 (550 turns).

septik the Cudgeler (Minotaur Berserker)             Turns: 550, Time: 00:02:11

Health: 0/39       AC:  6    Str: 26    XL:     2   Next: 93%
Magic:  1/1        EV: 11    Int:  4    God:    Trog [*.....]
Gold:   56         SH:  0    Dex:  9    Spells: 0 memorised, 1 level left

rFire  . . .     SeeInvis .     h - +0 whip
rCold  . . .     Clarity  .     p - +0 ring mail
rNeg   . . .     SustAt   .     (no shield)
rPois  .         Gourm    .     (helmet restricted)
rElec  .         Spirit   .     (no cloak)
rCorr  .         Warding  .     (no gloves)
rMut   .         Stasis   .     k - +0 pair of boots
MR     .....                    (no amulet)
Stlth  ..........               (no ring)
                                (no ring)

@: berserking (expiring), very quick, not resistant to hostile enchantments,
extremely unstealthy
A: retaliatory headbutt, horns 2
a: Berserk, Burn Spellbooks, Renounce Religion


You were on level 2 of the Dungeon.
You worshipped Trog.
Trog was aware of your devotion.
You were not hungry.

You visited 1 branch of the dungeon, and saw 2 of its levels.

You collected 56 gold pieces.

Inventory:

Hand Weapons
 a - a +0 mace
 h - a +0 whip (weapon)
Armour
 b - a +0 animal skin
 k - a +0 pair of boots (worn)
 p - a +0 ring mail (worn)
Scrolls
 i - a scroll of fear {unknown}
 l - a scroll of identify {unknown}
 m - a scroll of enchant armour {unknown}
Potions
 e - a potion of might {unknown}
 f - a potion of brilliance {unknown}
 j - a potion of heal wounds {unknown}
 o - 2 potions of curing {unknown}
Comestibles
 c - 2 bread rations
 d - 12 chunks of flesh
 g - 2 slices of pizza
 n - 4 fruits


   Skills:
 - Level 3.6 Fighting
 + Level 5.0 Maces & Flails
 - Level 2.4 Armour
 - Level 2.1 Dodging


You had one spell level left.
You didn't know any spells.

Dungeon Overview and Level Annotations

Branches:
Dungeon (2/15)

Altars:

Annotations:
D:2 Sigmund


Innate Abilities, Weirdness & Mutations

You reflexively headbutt those who attack you in melee.
You have a pair of horns on your head.


Message History

You bump into the rock wall.
You bump into the rock wall.
You feel less confused. Something hits you!
Use which ability?
A red film seems to cover your vision as you go berserk!
You feel yourself moving faster!
You feel mighty!
You feel somewhat more hungry. Something hits you!
You feel a strong urge to attack something.
Something hits you.
You closely miss something. You headbutt something! You miss something.
You headbutt something. You completely miss something. You headbutt something!
Something hits you!
* * * LOW HITPOINT WARNING * * *
You miss something. You closely miss something. You headbutt something!
You hear some strange, mumbled words.
A magic dart appears from out of thin air!
The magic dart hits you!
You die...

#.##.#..[.....# ....
#....###....###### .....
#................##....#
#..........#..##........
.......<รท...#...........
..........#.....).......
#..............####...#.
.......#.....%.# ...
..######.@{###....# . #
#....### #....# #..#.##
........ ...>#.. ......##
### #.# ......# ..
#...@..# ### ......


There were no monsters in sight!

Vanquished Creatures
  2 giant geckos (D:1)
  5 goblins (D:1)
  4 hobgoblins
  2 kobolds
  A ball python (D:1)
  4 bats
  A giant cockroach (D:1)
  2 giant newts (D:1)
  2 rats (D:1)
23 creatures vanquished.

Notes
Turn   | Place    | Note
--------------------------------------------------------------
     0 | D:1      | septik the Minotaur Berserker began the quest for the Orb.
     0 | D:1      | Reached XP level 1. HP: 19/19 MP: 0/0
    54 | D:1      | Reached skill level 4 in Maces & Flails
   162 | D:1      | Reached XP level 2. HP: 20/26 MP: 1/1
   500 | D:2      | Reached skill level 5 in Maces & Flails
   529 | D:2      | Noticed Sigmund
   550 | D:2      | Killed from afar by Sigmund

Vault maps used:
D:1:      noname_arrival_rooms_in_the_neighbourhood, minmay_stone_trees_large,
          minmay_unequal
D:2:      old_standard_altar, uniq_robin, uniq_sigmund

Action                   || total
-------------------------++-------
Melee: Mace              ||     8
       Whip              ||    45
Invok: Berserk           ||     1
